 Dungeon Sprint DCSS version 0.19.4-8-ga85b6b9 (webtiles) character file.

127 protoss039 the Covered (level 4, 0/70 HPs)
             Began as a Minotaur Fighter on Feb 7, 2017.
             Succumbed to a queen bee's poison
             ... in the Dungeon (Sprint IV: "Fedhas' Mad Dash").
             The game lasted 00:02:03 (846 turns).

protoss039 the Covered (Minotaur Fighter)            Turns: 846, Time: 00:02:04

Health: 0/70       AC:  8    Str: 27    XL:     4   Next: 85%
Magic:  3/3        EV:  8    Int:  5    God:
Gold:   56         SH: 11    Dex:  9    Spells: 0 memorised, 3 levels left

rFire  . . .     SeeInvis .     a - +0 war axe
rCold  . . .     Gourm    .     b - +0 scale mail
rNeg   . . .     Faith    .     c - +0 shield
rPois  .         Spirit   .     (helmet restricted)
rElec  .         Reflect  .     (no cloak)
rCorr  .         Harm     .     (no gloves)
MR     .....     NoTele   +     (no boots)
Stlth  ..........               n - amulet of invisibility {+Inv}
                                (no ring)
                                (no ring)

@: mighty, berserking (expiring), lethally poisoned (0 -> -35), very quick
A: retaliatory headbutt, horns 2
a: Evoke Invisibility


You were in the Dungeon.
You were not hungry.

You visited 1 branch You collected 56 gold pieces.

Inventory:

Hand Weapons
 a - a +0 war axe (weapon)
Armour
 b - a +0 scale mail (worn)
 c - a +0 shield (worn)
Jewellery
 n - the amulet of invisibility (around neck) {+Inv}
   (You found it in the Dungeon)

   [amulet of nothing]

   It lets you turn invisible.
Scrolls
 k - a scroll of blinking
 l - a scroll of identify {unknown}
Potions
 e - a potion of curing
 h - a potion of haste
 i - 2 potions of magic
Comestibles
 f - a bread ration
 m - a meat ration


   Skills:
 + Level 7.1 Fighting
 * Level 5.0 Axes
 + Level 7.6 Armour
 - Level 0.2 Dodging
 + Level 6.6 Shields


You had 3 spell levels left.
You didn't know any spells.

Dungeon Overview and Level Annotations

Branches:
Dungeon (1/1)

Altars:
Cheibriados
Dithmenos
Gozag
Hepliaklqana
Makhleb
Nemelex Xobeh
Okawaru
Ru
Sif Muna
Trog
Xom
Yredelemnul
Zin
Beogh
Jiyva

Annotations:
D exclusion: oklob sapling


Innate Abilities, Weirdness & Mutations

You reflexively headbutt those who attack you in melee.
You have a pair of horns on your head.


Message History

You hit the queen bee.
The queen bee is almost dead.
You completely miss the killer bee.
* * * LOW HITPOINT WARNING * * *
You feel very sick. You block the killer bee's attack.
You block the queen bee's attack.
The killer bee stings you but does no damage.
You closely miss the queen bee.
The queen bee is almost dead.
You closely miss the killer bee.
* * * LOW HITPOINT WARNING * * *
You feel very sick. You block the killer bee's attack.
The queen bee calls on the killer bee to defend it!
The killer bee goes berserk!
The killer bee closely misses you.
Unknown command.
You hit the queen bee but do no damage. Your headbutt misses the queen bee.
The queen bee is almost dead.
You slash the killer bee!
You die...

########################
#<..P#.....#.....#.⌠._._
#PP..'.....'.#...+.._._.
#PPPP#.....#.#...#..._._
###############'##.._._.
#...♣yy@.....'...#.⌠._._
#%...yy♣.....#...#######
#.....♣..♣..######
##+####+#####


You could see a queen bee and 3 killer bees.

Vanquished Creatures
  A killer bee (D)
  2 oklob saplings (D)
  A worker ant (D)
  A river rat (D)
  A rat (D)
6 creatures vanquished.

Notes
Turn   | Place    | Note
-------+----------+-------------------------------------------
     0 | D        | protoss039 the Minotaur Fighter began the quest for the Orb.
     0 | D        | Reached XP level 1. HP: 19/19 MP: 0/0
    10 | D        | Reached XP level 2. HP: 5/28 MP: 1/1
   260 | D        | Noticed an oklob sapling
   262 | D        | Killed an oklob sapling
   262 | D        | Reached skill level 5 in Fighting
   262 | D        | Reached skill level 5 in Armour
   262 | D        | Reached skill level 5 in Shields
   262 | D        | Reached XP level 3. HP: 36/36 MP: 2/2
   285 | D        | Noticed an oklob sapling
   289 | D        | Found an opulent altar of Gozag.
   289 | D        | Found a hazy altar of Hepliaklqana.
   289 | D        | Found a roughly hewn altar of Beogh.
   289 | D        | Found a snail-covered altar of Cheibriados.
   290 | D        | Found a viscous altar of Jiyva.
   290 | D        | Found a burning altar of Makhleb.
   290 | D        | Found a sparkling altar of Nemelex Xobeh.
   290 | D        | Found a sacrificial altar of Ru.
   290 | D        | Found a deep blue altar of Sif Muna.
   290 | D        | Found a bloodstained altar of Trog.
   290 | D        | Found a shimmering altar of Xom.
   290 | D        | Found a basalt altar of Yredelemnul.
   290 | D        | Noticed an oklob sapling priest
   291 | D        | Found an iron altar of Okawaru.
   291 | D        | Found a shadowy altar of Dithmenos.
   291 | D        | Found a glowing silver altar of Zin.
   520 | D        | Killed an oklob sapling
   520 | D        | Reached XP level 4. HP: 45/45 MP: 3/3
   832 | D        | Noticed a queen bee
   843 | D        | Reached skill level 5 in Axes
   845 | D        | HP: 1/70 [poisoned by a queen bee]
   846 | D        | Succumbed to a queen bee's poison

Skill      XL: |  1  2  3  4 |
---------------+-------------+-----
Fighting       | 4 5 6 7 |  7.1
Armour         | 4 5 6 7 |  7.6
Shields        | 4 5 6 |  6.6
Axes           | 3 4 5 |  5.0
Dodging        | |  0.2

Action                   |  1- 3 |  4- 6 || total
-------------------------+-------+-------++-------
Melee: War axe           |    12 |     8 ||    20
       Headbutt          |     2 |     2 ||     4
  Use: Potion            |       |     3 ||     3
Armor: Scale mail        |     3 |     2 ||     5
Dodge: Dodged            |     5 |    10 ||    15
Block: Shield            |     4 |    12 ||    16
